 Dungeon Crawl Stone Soup version 0.25-a0-110-ge29c8f2358 (webtiles) character file.

Game seed: 11743673262655605467, levelgen mode: deterministic

14315 Leeroy the Carver (level 11, -3/97 HPs)
             Began as a Red Draconian Skald on Nov 19, 2019.
             Was an Elder of Vehumet.
             Hit by a boomerang thrown by a merfolk (13 damage)
             ... on level 3 of the Lair of Beasts.
             The game lasted 01:46:08 (19576 turns).

Leeroy the Carver (Red Draconian Skald)            Turns: 19576, Time: 01:46:09

Health: -3/97      AC: 11    Str: 13    XL:     11   Next: 87%
Magic:  1/30       EV: 17    Int: 15    God:    Vehumet [****..]
Gold:   842        SH:  0    Dex: 13    Spells: 2/24 levels left

rFire    + . .     SeeInvis .   U - +5 scimitar
rCold    . . .     Gourm    +   (no shield)
rNeg     . . .     Faith    .   (armour unavailable)
rPois    .         Spirit   .   (helmet restricted)
rElec    .         Reflect  .   E - +0 cloak
rCorr    .         Harm     .   V - +2 pair of gloves
MR       .....                  (no boots)
Stlth    ++........             j - amulet of the gourmand
HPRegen  1.26/turn              o - ring of magical power
MPRegen  0.22/turn              l - ring of wizardry

@: regenerating (expiring)
A: breathe fire, unfitting armour, fire resistance 1, cold-blooded, AC +7
a: Breathe Fire, Renounce Religion


You were on level 3 of the Lair of Beasts.
You worshipped Vehumet.
Vehumet was greatly pleased with you.
You were completely stuffed.

You visited 3 branches of the dungeon, and saw 15 of its levels.

You collected 842 gold pieces.

Inventory:

Hand Weapons
 v - a +2 falchion of holy wrath
 z - the +7 arbalest "Koacoon" {elec, rElec rF- Str+3 Int+3, unknown}
   (You found it on level 2 of the Lair of Beasts)

   It charges the ammunition it shoots with electricity; occasionally upon a
   hit, such missiles may discharge and cause terrible harm.
   It affects your strength (+3).
   It affects your intelligence (+3).
   It makes you vulnerable to fire.
   It insulates you from electricity.
 B - a +0 rapier of venom
 C - a +2 whip of electrocution
 F - a +1 vampiric falchion
 G - a +2 hand axe of electrocution
 K - a +2 whip of flaming
 R - a +0 great sword
 U - a +5 scimitar (weapon)
 X - a +1 trident of piercing
Missiles
 d - 65 poisoned darts
 i - 8 curare-tipped darts
 n - 230 stones
 x - 7 boomerangs (quivered)
 J - 3 atropa-tipped darts
Armour
 g - a +2 shield
 E - a +0 cloak (worn)
 H - a +0 cloak
 V - a +2 pair of gloves (worn)
Magical Staves
 I - an uncursed staff of poison {unknown}
Jewellery
 a - an uncursed ring of flight
 j - an amulet of the gourmand (around neck)
 k - an uncursed amulet of the acrobat
 l - a ring of wizardry (right hand)
 o - a ring of magical power (left hand)
 p - an uncursed amulet of faith
 q - an uncursed ring of flight
 s - an uncursed ring of ice
 L - an uncursed ring of protection from cold
 Y - an uncursed ring of resist corrosion
 Z - an uncursed ring of protection from cold
Wands
 t - a wand of scattershot (14)
 w - a wand of polymorph (13)
 P - a wand of iceblast (5)
 W - a wand of acid (8)
Scrolls
 e - 2 scrolls of enchant weapon {unknown}
 f - 9 scrolls of remove curse
 m - 2 scrolls of random uselessness {unknown}
 r - 3 scrolls of amnesia
 N - a scroll of immolation {unknown}
 O - a scroll of noise {unknown}
 Q - a scroll of magic mapping
Potions
 u - 3 potions of cancellation
 y - a potion of ambrosia {unknown}
 D - a potion of berserk rage {unknown}
 M - a potion of resistance {unknown}
 S - 2 potions of degeneration {unknown}
Miscellaneous
 b - a lightning rod (4/4)
Comestibles
 c - 19 rations


   Skills:
 - Level 9.2 Fighting
 - Level 10.0 Long Blades
 - Level 9.0 Dodging
 - Level 3.0 Stealth
 - Level 0.3 Shields
 - Level 7.1 Spellcasting
 + Level 3.1 Conjurations
 - Level 3.3 Charms
 - Level 2.1 Translocations
 - Level 6.0 Air Magic


You had 2 spell levels left.
You knew the following spells:

 Your Spells              Type           Power        Failure   Level  Hunger
a - Lightning Bolt        Conj/Air       ###.......   7%          5    #####..
b - Spectral Weapon       Hex/Chrm       ##......     9%          3    ##.....
c - Regeneration          Chrm/Necr      ##........   9%          3    ##.....
d - Swiftness             Chrm/Air       ###.....     1%          2    None
e - Airstrike             Air            ###.......   1%          4    ####...
f - Sting                 Conj/Pois      #...         1%          1    None
g - Force Lance           Conj/Tloc      ##......     5%          4    ####...

Your spell library contained the following spells:

 Spells                   Type           Power        Failure   Level  Hunger
 Yara's Violent Unravell  Hex/Tmut       #.........   34%         5    #####..
 Infusion                 Chrm           ###.         1%          1    None
 Shock                    Conj/Air       ###.         1%          1    None
 Song of Slaying          Chrm           ###.....     1%          2    None
 Shroud of Golubria       Chrm/Tloc      ##....       2%          2    None
 Beastly Appendage        Tmut           #.....       5%          1    None
 Sticks to Snakes         Tmut           #.......     9%          2    None
 Static Discharge         Conj/Air       ###.....     1%          3    ##.....
 Spider Form              Tmut/Pois      #.........   16%         3    ##.....
 Ice Form                 Ice/Tmut       #.......     45%         4    ####...
 Blade Hands              Tmut           #.........   78%         5    #####..


Dungeon Overview and Level Annotations

Branches:
Dungeon (11/15)            Temple (1/1) D:6            Lair (3/6) D:9
 Shoals (0/4) Lair:3       Spider (0/4) Lair:2
    Orc: D:9-12

Altars:
Ashenzari
Cheibriados
Dithmenos
Elyvilon
Fedhas
Gozag
Hepliaklqana
Kikubaaqudgha
Makhleb
Nemelex Xobeh
Okawaru
Qazlal
Sif Muna
Trog
Uskayaw
Vehumet
Wu Jian
Xom
Yredelemnul
Zin
The Shining One

Shops:
D:5 }

Annotations:
D:5 Grinder
Lair:3 exclusion: oklob plant


Innate Abilities, Weirdness & Mutations

You can breathe blasts of fire.
Your fiery red scales are hard. (AC +7)
You cannot fit into any form of body armour.
Your flesh is heat resistant. (rF+)
You are cold-blooded and may be slowed by cold attacks.


Message History

Quivering
i - 9 curare-tipped darts for throwing.
Throwing (i - inventory. (/) - cycle)
i - 9 curare-tipped darts (quivered)
Press: ? - help, Shift-Dir - straight line, f/p - merfolk
Aim: a merfolk, wielding a +0 trident (moderately wounded)
You throw a curare-tipped dart.
The curare-tipped dart hits the merfolk.
The merfolk is poisoned.
The merfolk convulses.
The merfolk seems to slow down.
The merfolk is heavily wounded.
The merfolk throws a boomerang.
The boomerang completely misses you.
The weapon returns to the merfolk!
Okay, then.
Quiver which item? (- for none, * to show all) (? for menu, Esc to quit)
Quivering
x - 7 boomerangs for throwing.
Throwing (i - inventory. (/) - cycle)
x - 7 boomerangs (quivered)
Press: ? - help, Shift-Dir - straight line, f/p - merfolk
Aim: a merfolk, wielding a +0 trident (moderately wounded, slow, poisoned)
You throw a boomerang. The boomerang misses the merfolk.
Your skin is crawling a little less now.
The merfolk throws a boomerang.
The boomerang hits you!
You die...

,,,,,,,,,,,*,,,,,,,,,*,,,** *,,
,,,,,,...............+...,*** *,,
,,**,,..................P,*,***,,
,,,,,,,..............#..,,,,,,,,,
,,,,,,**#..#...........,,,,,,,,,,
,,,,*≈,,#..#..,......#,,.,,,,,,,,
,,,,*,≈,*#...###P.#.##...,,,,,,,,
,,,,**≈,,#.............P(,,******
,*,*+*≈≈,*#.÷m..@......#**** *,
,,,,,**≈*,#.######.....#** *,
,,,,,,*≈>,#.# *.....#,*******,
,,,,,**≈*,#.## *.....P.,,,,,,,,
,*,,,*≈≈,##..# *..#PP_P*,,,,,,,
,#,,**≈,,#..## **.+...P.,,,,,,,,
,#.,*,≈,*#..# *,.......*,,,,,,,
.#.m*≈,,#.#.## *,....,%.,,,,,,,,
.....,**#.#..# **,,,,,,,,,,,,,,,


You could see a merfolk.

Vanquished Creatures
  2 death yaks
  2 two-headed ogres (D:9)
  3 elephants
  A merfolk siren (Lair:3)
  2 jumping spiders (Lair:2)
  4 blink frogs (Lair:1)
  2 hippogriffs
  A redback (Lair:2)
  A spriggan (D:10)
  Sigmund (D:6)
  9 yaks
  A basilisk (Lair:2)
  Grum (D:10)
  A hungry ghost (D:8)
  Menkaure (D:5)
  4 water moccasins
  5 orc warriors
  4 porcupines
  3 sky beasts
  2 ice beasts (D:7)
  A necrophage (D:8)
  A phantom (D:6)
  2 ogres (D:6)
  7 wolves
  A centaur (D:10)
  4 crocodiles
  A big kobold (D:8)
  8 bullfrogs
  A gnoll sergeant (D:8)
  A water moccasin skeleton (D:7)
  3 scorpions (D:9)
  11 wights
  10 killer bees
  2 howler monkeys
  A jelly (D:8)
  3 crimson imps
  A quasit (D:9)
  4 bullfrog zombies
  A bullfrog skeleton (D:8)
  4 hounds
  12 orc wizards
  15 orc priests
  An iguana (D:4)
  3 worker ants
  2 hound zombies
  A hound skeleton (D:8)
  11 gnolls
  2 howler monkey skeletons
  15 adders
  2 shadow imps (D:5)
  An ooze (D:3)
  3 adder zombies
  An adder skeleton (D:5)
  2 worms
  2 dart slugs
  6 leopard geckos
  53 orcs
  A ball python (D:2)
  5 giant cockroaches
  9 goblins
  6 hobgoblins
  10 jackals
  3 quokkas (D:2)
  11 bats
  6 frilled lizards
  12 kobolds
  A leopard gecko skeleton (D:7)
  A leopard gecko zombie (D:5)
  9 rats
323 creatures vanquished.

Vanquished Creatures (others)
  An orc wizard (D:7)
  An orc (D:7)
  3 fungi (Lair:2)
  2 plants (Lair:2)
  5 spectral weapons
12 creatures vanquished.

Grand Total: 335 creatures vanquished

Notes
Turn   | Place    | Note
-------+----------+-------------------------------------------
     0 | D:1      | Leeroy the Draconian Skald began the quest for the Orb.
     0 | D:1      | Reached XP level 1. HP: 17/17 MP: 3/3
   110 | D:1      | Reached XP level 2. HP: 23/24 MP: 5/5
   144 | D:1      | Reached skill level 3 in Long Blades
   688 | D:2      | Found a white marble altar of Elyvilon.
   731 | D:2      | Reached XP level 3. HP: 8/29 MP: 6/6
  1123 | D:2      | Learned a level 3 spell: Spectral Weapon
  1130 | D:2      | Found an iron altar of Okawaru.
  1258 | D:2      | Found a hazy altar of Hepliaklqana.
  1344 | D:2      | HP: 2/43 [poisoned by an adder]
  1346 | D:2      | Reached skill level 4 in Long Blades
  1352 | D:2      | HP: 2/43 [poisoned by an adder]
  1646 | D:2      | Reached XP level 4. HP: 27/36 MP: 7/7
  2061 | D:3      | Learned a level 3 spell: Regeneration
  2324 | D:3      | Found a white marble altar of Elyvilon.
  2404 | D:3      | Reached skill level 5 in Long Blades
  2917 | D:4      | Reached XP level 5. HP: 32/41 MP: 8/8
  3713 | D:4      | You fall into a shaft and drop 3 floors!
  3716 | D:7      | Noticed an ice beast
  3748 | D:7      | HP: 1/41 [ice beast (12)]
  3765 | D:7      | Killed an ice beast
  3765 | D:7      | Reached skill level 6 in Long Blades
  3765 | D:7      | Reached XP level 6. HP: 4/48 MP: 9/9
  4042 | D:7      | Noticed an ice beast
  4070 | D:7      | Killed an ice beast
  4224 | D:5      | Entered Level 5 of the Dungeon
  4250 | D:5      | HP: 2/48 [orc/+0 falchion (8)]
  4258 | D:5      | HP: 1/48 [poisoned by a worker ant]
  4523 | D:5      | Found a radiant altar of Vehumet.
  4533 | D:5      | Became a worshipper of Vehumet
  4691 | D:5      | Found Kiytel's Gadget Shoppe.
  4874 | D:5      | Your scales start taking on a fiery red colour.
  4874 | D:5      | Reached XP level 7. HP: 39/55 MP: 11/11
  4874 | D:5      | Gained mutation: Your flesh is heat resistant. (rF+) [Red
                  | Draconian growth]
  4938 | D:5      | Learned a level 2 spell: Swiftness
  5014 | D:5      | Reached skill level 1 in Air Magic
  5164 | D:5      | Noticed Menkaure
  5174 | D:5      | Killed Menkaure
  5978 | D:6      | Noticed Grinder
  5984 | D:6      | Paralysed by Grinder for 2 turns
  5990 | D:5      | Paralysed by Grinder for 5 turns
  6053 | D:5      | Paralysed by Grinder for 7 turns
  6066 | D:5      | Paralysed by Grinder for 4 turns
  6074 | D:5      | Paralysed by Grinder for 5 turns
  6589 | D:7      | Reached XP level 8. HP: 54/67 MP: 12/12
  6652 | D:7      | Reached skill level 5 in Fighting
  6661 | D:7      | Found an ornate altar of the Wu Jian Council.
  6713 | D:7      | Reached * piety under Vehumet
  6713 | D:7      | Offered knowledge of Sting by Vehumet.
  7354 | D:9      | Found a shimmering blue altar of Sif Muna.
  7374 | D:9      | Noticed a two-headed ogre
  7529 | D:10     | Entered Level 10 of the Dungeon
  7745 | D:10     | Noticed Grum
  7759 | D:10     | Killed Grum
  7866 | D:10     | Reached skill level 5 in Dodging
  7960 | D:10     | Reached XP level 9. HP: 27/74 MP: 6/13
  9266 | D:10     | Noticed a troll
  9355 | D:9      | Learned a level 4 spell: Airstrike
  9812 | D:11     | Noticed a troll
 10283 | D:9      | Found a glowing silver altar of Zin.
 10419 | D:8      | Learned a level 1 spell: Sting
 10434 | D:8      | Offered knowledge of Freeze by Vehumet.
 10462 | D:8      | Reached ** piety under Vehumet
 10616 | D:8      | Reached skill level 5 in Air Magic
 11120 | D:8      | Reached XP level 10. HP: 66/81 MP: 14/14
 11169 | D:8      | Offered knowledge of Inner Flame by Vehumet.
 11374 | D:8      | Reached skill level 7 in Long Blades
 11847 | D:7      | Reached *** piety under Vehumet
 12088 | D:7      | Reached skill level 1 in Conjurations
 12816 | D:6      | Noticed Sigmund
 12873 | D:6      | Killed Sigmund
 12873 | D:6      | Offered knowledge of Force Lance by Vehumet.
 13175 | D:6      | Found a staircase to the Ecumenical Temple.
 13526 | Temple   | Entered the Ecumenical Temple
 14183 | D:7      | Reached skill level 5 in Spellcasting
 14543 | D:8      | Found a shadowy altar of Dithmenos.
 14653 | D:8      | Learned a level 5 spell: Lightning Bolt
 14987 | D:9      | Killed a two-headed ogre
 15312 | D:9      | Learned a level 4 spell: Force Lance
 15362 | D:9      | Reached **** piety under Vehumet
 15516 | D:9      | Offered knowledge of Yara's Violent Unravelling by Vehumet.
 15589 | D:9      | Noticed a two-headed ogre
 15611 | D:9      | Killed a two-headed ogre
 15743 | D:9      | Found a staircase to the Lair.
 15744 | D:9      | Noticed a death yak
 15764 | D:9      | Killed a death yak
 15764 | D:9      | Reached skill level 1 in Translocations
 15764 | D:9      | Reached XP level 11. HP: 30/92 MP: 21/21
 16012 | D:9      | Noticed a death yak
 16012 | D:9      | Noticed a death yak
 16349 | D:8      | Killed a death yak
 16865 | D:9      | Found a burning altar of Makhleb.
 17031 | Lair:1   | Entered Level 1 of the Lair of Beasts
 17277 | Lair:1   | Found a shimmering blue altar of Sif Muna.
 17339 | Lair:1   | Noticed a five-headed hydra
 18208 | Lair:2   | Got a steaming arbalest
 18273 | Lair:2   | Reached skill level 8 in Long Blades
 18923 | Lair:2   | Reached skill level 9 in Long Blades
 19114 | Lair:2   | Noticed an eight-headed hydra
 19237 | Lair:2   | Noticed a wolf spider
 19259 | Lair:2   | Reached skill level 10 in Long Blades
 19307 | Lair:2   | Found a hole to the Spider Nest.
 19570 | Lair:3   | Found an ancient bone altar of Kikubaaqudgha.
 19571 | Lair:3   | Noticed an oklob plant
 19576 | Lair:3   | Hit by a boomerang thrown by a merfolk

Levels and vault maps discovered:
D:1:      wander_arrival_desolate, layout_loops_cross, serial_bayou_pond_e,
          minmay_pentomino_r4
D:2:      minmay_evil_eye, layout_basic, old_standard_altar,
          nicolae_overflow_hidden_temple, marbit_many_paths, first_ration
D:3:      layout_rooms, grunt_ministairs_10, elyvilon_altar_1
D:4:      layout_layer_cave
D:5:      layout_loops_ring, lemuel_doored_altar, serial_shops, shop,
          nicolae_ossuary_entry_plus, hangedman_decor_riveting,
          chequers_serial_rivers_micro_d, serial_bayou_lake_a, uniq_menkaure
D:6:      layout_layer_cave, minmay_temple_entry_overgrown, serial_rivers,
          chequers_serial_rivers_micro_b, chequers_serial_rivers_marsh,
          chequers_serial_rivers_small_b, chequers_serial_rivers_micro_a,
          uniq_sigmund, uniq_grinder
D:7:      layout_cave_pools, nicolae_overflow_crystal_walls
D:8:      layout_basic, grunt_dithmenos_smoke
D:9:      old_forge, layout_basic, lemuel_round_altar,
          grunt_temple_overflow_open, dpeg_lair_monsters
D:10:     layout_loops_ring, the_bakery, uniq_grum
D:11:     layout_big_octagon, david_orc_4, serial_column_ruins,
          column_ruins_square_small, column_ruins_courtyard_long_water,
          column_ruins_open_medium, column_ruins_open_medium,
          column_ruins_corridor_straight, column_ruins_corridor_corner,
          column_ruins_columns_T, column_ruins_open_medium
Temple:   dshaligram_water_room_temple
Lair:1:   layout_roguey, basic_altar, hibernation_bobbens
Lair:2:   layout_loops_ring, spider_nest_entry_funnel_web, serial_bayou_pond_c,
          roderic_batcave, st_stairs_10, beast_lair_carwin_8
Lair:3:   layout_chaotic_city, elwin_shoals_entry_stream, st_stairs_4,
          lemuel_oklob_altar, grunt_megastairs_2

Skill      XL: |  1  2  3  4  5  6  7  8  9 10 11 |
---------------+----------------------------------+-----
Long Blades    | 3 4 5 6 7 10 | 10.0
Stealth        | 3 |  3.0
Spellcasting   | 3 7 |  7.1
Air Magic      | 3 6 |  6.0
Fighting       | 4 5 7 9 |  9.2
Charms         | 3 |  3.3
Dodging        | 6 9 |  9.0
Conjurations   | 2 3 |  3.1
Translocations | 1 2 |  2.1
Shields        | |  0.3

Action                   |  1- 3 |  4- 6 |  7- 9 | 10-12 || total
-------------------------+-------+-------+-------+-------++-------
Melee: Falchion          |   145 |    65 |   109 |   209 ||   528
       Tailslap          |    13 |    23 |    62 |    90 ||   188
       Rapier            |       |   127 |   333 |       ||   460
       Great sword       |       |       |     3 |    36 ||    39
       Scimitar          |       |       |       |   322 ||   322
       Whip              |       |       |       |     1 ||     1
Throw: Boomerang         |       |       |    12 |     3 ||    15
       Dart              |       |       |     6 |     1 ||     7
 Cast: Infusion          |     1 |       |       |       ||     1
       Spectral Weapon   |       |     1 |     4 |    13 ||    18
       Regeneration      |       |     2 |    14 |    12 ||    28
       Airstrike         |       |       |     1 |    31 ||    32
       Swiftness         |       |       |     1 |       ||     1
       Sting             |       |       |       |    22 ||    22
       Force Lance       |       |       |       |     8 ||     8
       Lightning Bolt    |       |       |       |     2 ||     2
 Abil: Breathe Fire      |       |       |     1 |     4 ||     5
  Use: Potion            |     2 |     1 |     5 |     6 ||    14
       Scroll            |     1 |     6 |     8 |    13 ||    28
 Stab: Distracted        |       |     1 |     1 |     2 ||     4
       Sleeping          |       |     1 |     2 |     4 ||     7
  Eat: Chunk             |     3 |    10 |    34 |    42 ||    89
       Ration            |       |     1 |       |       ||     1
Armor: Skin              |    58 |    58 |   172 |   145 ||   433
Dodge: Dodged            |   102 |   127 |   433 |   478 ||  1140
Block: Shield            |    27 |       |       |       ||    27
       Rpst.: Falchion   |    33 |    15 |    35 |    50 ||   133
       Great sword       |       |       |     4 |    15 ||    19
       Scimitar          |       |       |       |    78 ||    78

Table legend:
 A = Non-vault XP
 B = Vault XP
 C = Vault XP percentage of total XP
 D = Non-vault monster count
 E = Vault monster count
 F = Vault count percentage of total count
                 A         B        C        D         E       F
            +---------+---------+-------+---------+---------+-------
      Total |   15283 |    5168 |  25.3 |     283 |      42 |  12.9
            +---------+---------+-------+---------+---------+-------
        D:1 |      24 |       7 |  22.6 |      14 |       4 |  22.2
        D:2 |      57 |      31 |  35.2 |      25 |       5 |  16.7
        D:3 |      44 |      17 |  27.9 |      14 |       2 |  12.5
        D:4 |      88 |       0 |   0.0 |      10 |       0 |   0.0
        D:5 |     490 |     172 |  26.0 |      25 |       1 |   3.8
        D:6 |    1146 |     220 |  16.1 |      27 |       1 |   3.6
        D:7 |    1101 |       0 |   0.0 |      37 |       0 |   0.0
        D:8 |    2386 |     880 |  26.9 |      59 |       1 |   1.7
        D:9 |    3126 |    1117 |  26.3 |      27 |      13 |  32.5
       D:10 |    1810 |     756 |  29.5 |      20 |       5 |  20.0
       D:11 |       3 |       0 |   0.0 |       1 |       0 |   0.0
     Lair:1 |    1746 |       0 |   0.0 |       9 |       0 |   0.0
     Lair:2 |    2691 |    1494 |  35.7 |      13 |       9 |  40.9
     Lair:3 |     571 |     474 |  45.4 |       2 |       1 |  33.3
            +---------+---------+-------+---------+---------+-------
